 Dungeon Crawl Stone Soup version 0.29.1-2-gbd0b4ee654 (webtiles) character file.

Game seed: 8135236291430952556

2443 H0rd4k the Insei (level 9, -10/61 HPs)
             Began as an Octopode Artificer on Nov 29, 2022.
             Was an Initiate of Gozag.
             Mangled by a yak (14 damage)
             ... on level 7 of the Dungeon.
             The game lasted 00:15:47 (11514 turns).

H0rd4k the Insei (Octopode Artificer)              Turns: 11514, Time: 00:15:48

Health: -10/61     AC:  1    Str: 11    XL:     9   Next: 49%
Magic:  14/18      EV: 14    Int: 23    God:    Gozag
Gold:   920        SH:  0    Dex: 19    Spells: 14/20 levels left

rFire   + . .      SeeInvis +   k - staff of poison
rCold   x . .      Faith    .   (no shield)
rNeg    + + .      Spirit   .   (helmet restricted)
rPois   +          Reflect  .   n - amulet of magic regeneration
rElec   .          Harm     .   l - +6 ring of dexterity
rCorr   .          Rampage  .   x - ring of positive energy
Will    .....                   w - ring of fire
Stlth   +++.......              B - ring "Ulesiun Irgh" {rN+ Int+6 SInv}
HPRegen 0.20/turn               (no ring)
MPRegen 0.56/turn               (no ring)
                                (no ring)
                                (no ring)

@: marked, studying Staves
A: almost no armour, amphibious, 8 rings, camouflage 1, gelatinous body 1,
(nimble swimmer 1), tentacles
a: Renounce Religion, Potion Petition, Call Merchant, Bribe Branch


You were on level 7 of the Dungeon.
You worshipped Gozag.
Gozag was pleased with you.
You visited 2 branches of the dungeon, and saw 9 of its levels.

You collected 1041 gold pieces.
You paid 121 gold pieces to Gozag.

Inventory:

Missiles
 h - 5 datura-tipped darts
 C - 5 poisoned darts
Magical Staves
 k - a staff of poison (weapon)
Jewellery
 l - a +6 ring of dexterity (left tentacle)
 n - an amulet of magic regeneration (around mantle)
 w - a ring of fire (on tentacle)
 x - a ring of positive energy (right tentacle)
 B - the ring "Ulesiun Irgh" (on tentacle) {rN+ Int+6 SInv}
   (You found it on level 7 of the Dungeon)

   [ring of intelligence]

   Int:       It affects your intelligence (+6).
   rN:        It protects you from negative energy.
   SInv:      It lets you see invisible.
 F - a ring of ice
Wands
 b - a wand of flame (7)
 c - a wand of charming (6)
 d - a wand of iceblast (1)
 y - a wand of polymorph (5)
 G - a wand of acid (8)
Scrolls
 a - 7 scrolls of teleportation
 f - a scroll of fear {unknown}
 j - a scroll of vulnerability {unknown}
 o - 3 scrolls of enchant armour {unknown}
 r - 6 scrolls of identify {unknown}
 s - 2 scrolls of enchant weapon {unknown}
 t - 3 scrolls of poison {unknown}
 D - a scroll of acquirement {unknown}
 E - 3 scrolls of magic mapping {unknown}
Potions
 e - 2 potions of heal wounds {unknown}
 g - a potion of mutation {unknown}
 i - a potion of curing
 m - 3 potions of degeneration {unknown}
 p - 2 potions of invisibility {unknown}
 q - 3 potions of ambrosia {unknown}
 u - 2 potions of magic {unknown}
 v - a potion of might {unknown}
 z - a potion of resistance {unknown}
 A - a potion of lignification {unknown}


   Skills:
 * Level 5.3 Fighting
 + Level 0.5 Staves
 - Level 2.3 Dodging
 - Level 1.3 Stealth
 + Level 6.1 Unarmed Combat
 * Level 6.0 Spellcasting
 + Level 3.5 Air Magic
 * Level 5.9 Poison Magic
 - Level 3.2 Evocations


You had 14 spell levels left.
You knew the following spells:

 Your Spells              Type           Power      Damage    Failure   Level
a - Poisonous Vapours     Pois/Air       86%        N/A       1%          2
b - Olgreb's Toxic Radia  Pois           50%        N/A       8%          4

Your spell library contained the following spells:

 Spells                   Type           Power      Damage    Failure   Level
 Sting                    Tmut/Pois      100%       1d8       2%          1
 Ignite Poison            Fire/Tmut/Pois 36%        N/A       12%         3
 Conjure Flame            Conj/Fire      10%        6-21      26%         3
 Hailstorm                Conj/Ice       6%         3d4       63%         4
 Ice Form                 Ice/Tmut       6%         N/A       63%         4
 Sticky Flame             Conj/Fire      10%        2d3       63%         4
 Simulacrum               Ice/Necr       Unusable   N/A       N/A         6

Dungeon Overview and Level Annotations

Branches:
Dungeon (8/15)             Temple (1/1) D:5
   Lair: D:8-11

Altars:
Ashenzari
Cheibriados
Elyvilon
Fedhas
Gozag
Kikubaaqudgha
Makhleb
Okawaru
Qazlal
Ru
Sif Muna
Uskayaw
Vehumet
Yredelemnul
Zin
The Shining One

Shops:
D:5 *

Annotations:
D:1 exclusion: downstairs
D:3 3 runed translucent doors, exclusion: 3 doors, GorkyZ's ghost, weakling GrFi
D:5 exclusion: upstairs
D:7 exclusion: 2 downstairs
D:8 exclusion: troll


Innate Abilities, Weirdness & Mutations

You cannot wear most types of armour.
You are amphibious.
You can wear up to eight rings at the same time.
Your skin changes colour to match your surroundings (Stealth+).
Your rubbery body absorbs attacks. (AC +1, EV +1)
((You are camouflaged when in or above water. (Stealth+)))
You have tentacles for arms and can constrict up to eight enemies at once.


Message History

You feel a surge of power!
Poisonous vapours surround the yak!
The yak is poisoned.
You feel sick.
The hound is distracted by your dazzling golden aura.
You feel a surge of power!
Poisonous vapours surround the yak!
The yak looks as sick as possible!
The hound barks!
You feel sick.
You are no longer poisoned.
A yak comes into view.
You feel a surge of power!
Poisonous vapours surround the yak!
The yak looks as sick as possible!
The yak gores you.
Unknown command.
The hound is no longer distracted by gold.
The yak barely misses you.
You climb upwards.
Level annotation: exclusion: 2 downstairs
There is a stone staircase leading down here.
You hit the yak.
The yak is moderately wounded.
The yak gores you!
You hit the yak.
You envenom the yak.
The yak looks as sick as possible!
The yak is heavily wounded.
The yak gores you!
You hit the yak but do no damage.
You envenom the yak.
The yak looks as sick as possible!
The yak is severely wounded.
The yak gores you!
You hit the yak but do no damage. You squeeze the yak.
The yak is almost dead.
The yak gores you.
You barely miss the yak.
The yak is almost dead.
The yak closely misses you.
You hit the yak but do no damage.
The yak is almost dead.
The yak gores you!
* * * LOW HITPOINT WARNING * * *
The yak gores you!
You die...
Your body crumbles into a pile of gold.

######.# #.# #####...## #
######.# #####.#### ##.## #
.......# #........# #.# #
##.#...## #.###.##.# #.# #
.)......## #.....##.# ##'## #
##>##.##.# #.######.# ##...##
#....##.# #.#### #.###.....##
##.##.##.# #.##.###.##.......##
#...#.#.#####...@Y...#.........##
.....................'.........'.
......#######.#...####.........##
##.##.### #.##.## ##.......##
#.......# #.#### ##.....##
#.###.#.# #.# ##...## #.# #.#.#
#.##### ##'## #.###.#.# #.....#
#.# ...(..#.# #####.# #.#


You could see a yak (extremely poisoned).

Vanquished Creatures
  Sigmund (D:2)
  2 orc warriors (D:6)
  A black bear (D:7)
  2 ogres
  A centaur (D:7)
  2 phantoms (D:5)
  A bullfrog (D:8)
  A necrophage (D:4)
  3 scorpions
  A wight (D:7)
  4 killer bees
  A crimson imp (D:4)
  3 hounds
  A gnoll bouda (D:7)
  5 orc priests
  3 jellies
  2 iguanas
  5 orc wizards
  Robin (D:2)
  7 adders
  3 gnolls (D:7)
  A shadow imp (D:6)
  2 white imps
  An ufetubus (D:6)
  2 dart slugs (D:1)
  21 orcs
  5 bats
  5 endoplasms
  2 giant cockroaches
  13 goblins
  14 hobgoblins
  7 jackals
  6 kobolds
  5 quokkas
  4 ball pythons
  4 frilled lizards
  5 rats
147 creatures vanquished.

Vanquished Creatures (collateral kills)
  An orc warrior (D:6)
  3 wights (D:6)
  2 orcs
  A giant cockroach (D:4)
7 creatures vanquished.

Grand Total: 154 creatures vanquished

Notes
Turn   | Place    | Note
-------+----------+-------------------------------------------
     0 | D:1      | H0rd4k the Octopode Artificer began the quest for the Orb.
     0 | D:1      | Reached XP level 1. HP: 13/13 MP: 1/1
   335 | D:1      | Reached skill level 1 in Spellcasting
   335 | D:1      | Reached XP level 2. HP: 18/18 MP: 3/3
   431 | D:1      | Found a faded altar of an unknown god.
   737 | D:1      | Reached XP level 3. HP: 7/24 MP: 5/5
  1409 | D:2      | Noticed Sigmund
  1587 | D:1      | Reached skill level 1 in Unarmed Combat
  1856 | D:2      | Reached XP level 4. HP: 25/30 MP: 6/6
  2326 | D:3      | Learned a level 2 spell: Poisonous Vapours
  2742 | D:3      | Identified the +4 leather armour "Rijug" {MP+9 Str+4}
  2765 | D:3      | Found a runed translucent gate.
  2766 | D:3      | Found a runed translucent gate.
  2766 | D:3      | Found a runed translucent gate.
  2766 | D:3      | Found an opulent altar of Gozag.
  2972 | D:3      | Reached skill level 1 in Poison Magic
  2972 | D:3      | Reached XP level 5. HP: 18/35 MP: 8/8
  3172 | D:3      | You fall into a shaft and drop 2 floors!
  3172 | D:5      | Entered Level 5 of the Dungeon
  3193 | D:5      | Found a staircase to the Ecumenical Temple.
  3209 | Temple   | Entered the Ecumenical Temple
  3709 | Temple   | Became a worshipper of Gozag Ym Sagoz the Greedy
  3790 | D:5      | Found Ezok's Elemental Accessories.
  3824 | D:5      | Noticed a phantom
  4000 | D:5      | Killed a phantom
  4001 | D:5      | Reached XP level 6. HP: 29/42 MP: 8/10
  4176 | D:4      | HP: 2/42 [orc/boomerang (5)]
  4192 | D:4      | Found an ancient bone altar of Kikubaaqudgha.
  4781 | D:4      | Reached XP level 7. HP: 30/46 MP: 11/11
  4957 | D:4      | Found a glowing golden altar of the Shining One.
  5655 | D:3      | Noticed GorkyZ's ghost (weakling GrFi)
  5904 | D:5      | Reached skill level 5 in Unarmed Combat
  6328 | D:5      | Reached skill level 1 in Air Magic
  6723 | D:6      | Reached XP level 8. HP: 49/54 MP: 5/13
  7196 | D:6      | Found a sacrificial altar of Ru.
  7320 | D:6      | HP: 1/54 [orc warrior/+0 dire flail (20)]
  8437 | D:7      | Found a blossoming altar of Fedhas.
  8454 | D:7      | Identified the ring "Ulesiun Irgh" {rN+ Int+6 SInv}
  8749 | D:7      | Reached skill level 5 in Spellcasting
  9406 | D:7      | Learned a level 4 spell: Olgreb's Toxic Radiance
  9429 | D:7      | Reached XP level 9. HP: 47/60 MP: 16/16
  9566 | D:7      | Reached skill level 5 in Fighting
  9877 | D:6      | Reached skill level 5 in Poison Magic
 10472 | D:2      | Noticed Robin
 10590 | D:2      | Killed Sigmund
 10608 | D:2      | Killed Robin
 10922 | D:8      | Noticed a troll
 11252 | D:8      | Noticed a two-headed ogre
 11514 | D:7      | Mangled by a yak

Illustrated notes

Levels and vault maps discovered:
D:1:      elethiomel_arrival_shortcut, layout_basic, serial_forest,
          infiniplex_forest_zigzag_1, infiniplex_forest_lined_room_,
          infiniplex_forest_lined_4_way, infiniplex_forest_clump_tiny,
          infiniplex_forest_straight_3,
          shapermc_ecumenical_altar_mp_ritualfount, nrook_campfire
D:2:      layout_basic, supply_closet_lemuel, uniq_robin, uniq_sigmund
D:3:      cheibrodos_pilgrimage, layout_basic, ebering_ghost_gozag,
          minmay_crystal_room, grunt_ministairs_2
D:4:      layout_cave_pools, kennysheep_little_box,
          nicolae_kikubaaqudgha_miasma_corner, minmay_fire_ice_demons
D:5:      layout_loops_ring, minmay_temple_entry_ruins, nicolae_elemental_shop,
          minivault_1, minmay_manual_moon
D:6:      layout_gridville, lemuel_doored_altar, lightli_minifort
D:7:      layout_loops_corners, fedhas_bush_and_centaur_altar
D:8:      layout_loops_ring, kennysheep_mini_moat, tgw_xom,
          amethyst_overflow_temple_binary, erik_lair_island,
          hangedman_abyss_or_decor_slice, minmay_tree_intersection
Temple:   chequers_temple_sunken

Skill      XL: |  1  2  3  4  5  6  7  8  9 |
---------------+----------------------------+-----
Spellcasting   | 1 2 3 5 6 |  6.0
Fighting       | 2 3 4 5 |  5.3
Unarmed Combat | 1 2 3 4 5 6 |  6.1
Poison Magic   | 1 2 4 5 |  5.9
Air Magic      | 1 2 3 |  3.5
Staves         | |  0.5
Dodging        | |  2.3
Stealth        | |  1.3
Evocations     | |  3.2

Action                   |  1- 3 |  4- 6 |  7- 9 || total
-------------------------+-------+-------+-------++-------
Melee: Unarmed           |    88 |   101 |    94 ||   283
       Tentacles         |    27 |    23 |    42 ||    92
       Constrict         |    31 |    26 |    33 ||    90
       Punch             |       |     5 |     7 ||    12
       Staff             |       |       |    30 ||    30
 Cast: Poisonous Vapours |       |     3 |    95 ||    98
       Olgreb's Toxic Ra |       |       |     1 ||     1
Evoke: Wand              |       |    16 |     5 ||    21
  Use: Potion            |       |     2 |     1 ||     3
       Scroll            |       |       |     1 ||     1
 Stab: Sleeping          |     4 |     6 |     3 ||    13
       Distracted        |       |     1 |       ||     1
Armor: Skin              |    13 |     6 |     6 ||    25
Dodge: Dodged            |    91 |    60 |   115 ||   266
